Map: Мертвые в ночи

Players

Uhu

  • Race: Protoss Protoss
  • Spawn Location: 0:00

FunnCo

  • Race: Terran Terran
  • Spawn Location: 0:00

VOD

Have the link to the VOD?

Description

Time

  • Played on: April 20, 2025, 2:17 p.m.
  • Length: 51:10
Show
View Real Time Build Order
Export as new Build Order

Uhu Protoss 

Build Orders:  

Get SALT Encoding   

  12  0:06  Probe (Chrono Boost)  
  13  0:26  Pylon, Probe (Chrono Boost)  
  14  0:48  Gateway  
  14  0:51  Probe (Chrono Boost)  
  15  1:05  Probe (Chrono Boost)  
  15  1:06  Assimilator  
  16  1:17  Assimilator  
  16  1:20  Probe (Chrono Boost)  
  17  1:34  Probe (Chrono Boost)  
  17  1:35  Assimilator  
  18  1:48  Probe (Chrono Boost)  
  19  2:02  Probe (Chrono Boost)  
  19  2:03  Cybernetics Core  
  20  2:16  Probe (Chrono Boost)  
  21  2:30  Probe (Chrono Boost)  
  22  2:44  Probe (Chrono Boost)  
  23  3:04  Stargate  
  23  3:11  Pylon  
  23  3:18  Forge  
  23  3:33  Pylon  
  23  3:36  Probe (Chrono Boost)  
  23  3:39  Dragoon  
  26  3:50  Probe (Chrono Boost)  
  26  3:54  Dragoon  
  29  4:04  Probe (Chrono Boost)  
  30  4:22  Fleet Beacon  
  30  4:28  Dragoon  
  32  4:39  Protoss Ground Weapons Level 1  
  32  4:51  Pylon  
  32  4:54  Probe (Chrono Boost)  
  33  5:07  Probe (Chrono Boost)  
  34  5:14  Dragoon  
  34  5:18  Dragoon  
  38  5:21  Probe (Chrono Boost)  
  39  5:50  Disintegration  
  39  5:51  Probe (Chrono Boost)  
  40  6:00  Photon Cannon  
  40  6:08  Photon Cannon  
  40  6:18  Probe (Chrono Boost)  
  41  6:32  Probe (Chrono Boost)  
  42  6:45  Probe (Chrono Boost)  
  42  6:47  Pylon  
  43  6:51  Pylon  
  43  6:56  Pylon  
  43  7:00  Pylon  
  43  7:05  Pylon  
  43  7:11  Probe (Chrono Boost)  
  42  7:20  Stargate  
  42  7:28  Tempest  
  46  7:38  Tempest  
  50  9:01  Tempest  
  54  9:12  Tempest  
  58  10:22  Tempest  
  62  10:31  Tempest  
  66  10:40  Protoss Air Weapons Level 1  
  66  10:53  Photon Cannon  
  66  10:55  Photon Cannon  
  66  10:57  Photon Cannon  
  66  10:59  Photon Cannon x2  
  66  11:02  Photon Cannon  
  66  11:03  Photon Cannon  
  66  11:06  Photon Cannon  
  66  13:38  Tempest x2  
  66  13:39  Tempest x2  
  78  15:18  Tempest  
  78  15:19  Tempest  
  62  17:08  Tempest x2  
  62  17:09  Tempest x2  
  78  17:34  Protoss Air Weapons Level 2  
  78  17:37  Pylon  
  78  17:44  Pylon  
  78  17:46  Pylon  
  78  17:53  Pylon  
  78  17:58  Photon Cannon  
  78  17:59  Photon Cannon  
  78  18:02  Photon Cannon  
  78  18:05  Photon Cannon  
  78  18:08  Photon Cannon  
  78  18:09  Photon Cannon  
  78  18:15  Photon Cannon  
  78  18:22  Photon Cannon  
  70  20:14  Tempest  
  70  20:15  Tempest x3  
  62  23:05  Tempest x2  
  62  23:07  Tempest  
  62  23:09  Tempest x2  
  78  23:25  Protoss Air Armor Level 1  
  78  23:46  Tempest  
  82  24:17  Protoss Ground Armor Level 1  
  82  24:37  Twilight Council  
  82  25:05  Photon Cannon x2  
  82  25:18  Tempest  
  86  27:01  Protoss Air Weapons Level 3  
  86  28:24  Photon Cannon  
  86  28:26  Photon Cannon  
  86  28:27  Photon Cannon  
  86  28:31  Photon Cannon  
  86  28:33  Photon Cannon  
  86  28:36  Photon Cannon  
  86  29:31  Photon Cannon  
  86  30:01  Photon Cannon  
  86  30:06  Protoss Air Armor Level 2  
  86  30:25  Tempest  
  86  30:26  Tempest x2  
  86  30:27  Tempest x2  
  86  30:28  Tempest  
  58  33:26  Tempest x4  
  74  33:52  Protoss Air Armor Level 3  
  74  34:29  Protoss Ground Weapons Level 2  
  74  35:08  Tempest x2  
  80  35:52  Singularity Charge  
  80  36:43  Tempest  
  82  36:52  Trillic Compresion Mesh  
  82  36:54  Tempest  
  79  37:38  Protoss Ground Armor Level 2  
  77  39:16  Tempest x2  
  77  39:17  Tempest x2  
  85  40:48  Protoss Shields Level 1  
  41  41:52  Tempest  
  41  41:53  Tempest x2  
  41  41:54  Tempest  
  45  42:04  Tempest  
  49  42:53  Tempest  
  53  43:27  Photon Cannon  
  33  45:46  Tempest x3  
  33  45:47  Tempest  
  49  46:55  Tempest x2  
  17  49:52  Tempest x2  
  17  49:53  Tempest  
Show
View Real Time Build Order
Export as new Build Order

FunnCo Terran 

Build Orders:  

Get SALT Encoding   

  12  0:21  SCV  
  13  0:38  SCV  
  14  0:40  Supply Depot  
  14  0:51  Barracks  
  14  0:55  SCV  
  15  1:12  Refinery, SCV  
  16  1:24  Supply Depot  
  16  1:29  SCV  
  17  1:37  Marine  
  18  1:46  SCV  
  18  1:49  Marine  
  20  2:10  Bunker  
  20  2:20  Barracks Tech Lab, Engineering Bay  
  20  2:23  SCV  
  21  2:37  Refinery  
  21  2:40  SCV  
  21  2:47  Firebat  
  24  2:54  Incinerator Gauntlets  
  24  3:11  Bunker  
  24  3:15  Firebat  
  26  3:20  SCV  
  26  3:22  Neosteel Frame  
  27  3:37  Orbital Command  
  27  3:50  Firebat  
  29  4:05  Missile Turret  
  29  4:19  SCV  
  30  4:34  Factory  
  30  4:37  Marine  
  31  5:16  Missile Turret  
  31  5:28  Supply Depot  
  31  5:42  Factory Tech Lab  
  31  5:48  Missile Turret  
  31  5:51  Terran Infantry Weapons Level 1  
  31  5:58  Firebat  
  31  5:59  Armory  
  33  6:00  Supply Depot  
  33  6:11  Siege Tank  
  33  6:13  Firebat  
  38  6:40  Juggernaut Plating  
  38  7:04  Refinery  
  38  7:12  Siege Tank  
  38  7:16  SCV  
  42  7:24  Terran Vehicle and Ship Weapons Level 1  
  42  7:27  Siege Tank  
  42  7:33  SCV  
  43  8:31  Structure Armor  
  43  9:26  Bunker  
  43  9:27  Firebat  
  45  9:39  Supply Depot  
  45  9:42  Firebat  
  45  9:48  Supply Depot x2  
  45  9:49  Supply Depot  
  47  9:52  Supply Depot  
  47  10:03  Factory  
  47  10:09  Siege Tank, Firebat  
  52  10:16  SCV  
  53  10:31  Siege Tank  
  53  10:33  SCV  
  57  10:49  Terran Infantry Weapons Level 2  
  66  10:50  SCV  
  57  10:52  Firebat  
  57  10:53  Siege Tank  
  63  11:07  Firebat  
  65  11:16  Siege Tank  
  68  11:22  Firebat  
  68  11:23  Missile Turret  
  70  11:37  Firebat  
  64  12:12  Missile Turret  
  64  12:33  Factory Tech Lab  
  64  12:39  Siege Tank  
  67  12:41  Missile Turret  
  67  12:42  Firebat  
  67  12:48  SCV  
  70  12:57  Firebat  
  72  13:01  Siege Tank  
  75  13:12  Firebat  
  77  13:24  Siege Tank  
  77  13:26  Medic  
  82  13:38  Medic  
  84  14:14  Medic  
  83  14:23  Concussive Shells  
  83  14:26  Medic  
  85  14:30  Terran Vehicle and Ship Weapons Level 2  
  85  14:36  Barracks  
  85  14:39  Firebat  
  87  15:09  Supply Depot  
  87  15:10  Supply Depot  
  87  15:39  Firebat, SCV  
  90  15:54  Medic  
  90  15:56  SCV  
  93  16:13  SCV  
  94  16:20  Siege Tank  
  94  16:21  Siege Tank  
  100  16:30  SCV  
  101  16:43  Medic  
  103  17:08  Siege Tank  
  103  17:12  Siege Tank  
  103  17:14  Bunker  
  103  17:18  Bunker  
  103  17:47  Bunker  
  103  18:07  Barracks Tech Lab  
  103  18:16  Barracks  
  103  19:21  Bunker  
  103  20:08  Barracks Tech Lab  
  103  20:22  Supply Depot x2  
  103  20:51  Siege Tank  
  103  20:52  Marauder, Firebat, SCV  
  103  20:55  Supply Depot  
  111  21:07  Firebat x2  
  111  21:09  SCV  
  116  21:13  Siege Tank  
  115  21:21  Firebat x2  
  115  21:25  SCV  
  81  22:36  Missile Turret  
  81  22:39  SCV  
  82  22:40  Siege Tank x2  
  82  22:47  Marine, Firebat x2  
  87  22:56  SCV  
  88  23:00  Marine  
  88  23:01  Marine  
  88  23:02  Medic  
  92  23:12  Medic  
  92  23:13  SCV  
  92  23:14  Medic x2  
  99  23:21  Missile Turret  
  99  23:45  Siege Tank  
  99  23:46  Siege Tank  
  105  24:08  Siege Tank x2  
  111  24:21  Bunker  
  111  24:24  Bunker  
  111  24:29  Bunker  
  111  24:30  Siege Tank  
  114  25:08  Siege Tank  
  114  26:12  Siege Tank  
  114  26:13  Siege Tank  
  114  26:15  Marine  
  118  27:03  Medic  
  118  27:05  Marauder  
  118  27:15  Marine  
  118  27:16  Supply Depot  
  118  27:18  Supply Depot  
  118  27:19  Supply Depot  
  119  27:21  Supply Depot  
  119  27:23  Supply Depot  
  119  27:46  Marauder x2, Siege Tank  
  119  27:47  Siege Tank  
  129  28:01  Medic  
  131  28:10  Siege Tank  
  127  30:13  Siege Tank  
  127  30:18  Stabilizer Medpacks  
  127  30:21  Siege Tank x2  
  131  30:43  Siege Tank  
  131  30:44  Siege Tank  
  131  30:49  Terran Vehicle and Ship Weapons Level 3  
  137  30:57  Terran Infantry Weapons Level 3  
  137  31:02  Marauder, Firebat  
  137  31:03  Marauder  
  137  31:05  Siege Tank  
  137  31:06  Siege Tank  
  149  31:16  Firebat  
  151  31:28  Siege Tank  
  151  31:29  Siege Tank  
  157  33:02  Supply Depot  
  157  33:06  Supply Depot  
  157  33:32  Siege Tank x2  
  163  33:54  Siege Tank x2  
  169  34:17  Siege Tank  
  172  34:39  Siege Tank  
  163  37:59  SCV  
  164  38:16  SCV  
  165  38:33  SCV  
  166  38:49  Bunker  
  166  38:50  SCV  
  166  38:59  Bunker  
  167  39:04  Siege Tank  
  167  39:07  SCV  
  171  39:12  Siege Tank  
  171  39:17  Marine  
  175  39:32  Supply Depot  
  175  39:36  Supply Depot  
  175  40:02  Marine x3, Siege Tank, SCV  
  175  40:05  Siege Tank  
  175  40:06  Supply Depot  
  175  40:08  Supply Depot  
  185  40:14  Marine x2, Medic  
  189  40:36  Siege Tank x2  
  195  40:40  Supply Depot  
  195  40:58  Siege Tank  
  198  41:19  SCV  
  199  41:32  Siege Tank x3  
  199  41:36  SCV  
  200  42:25  Missile Turret  
  188  44:48  Missile Turret  
  188  44:49  Missile Turret  
  188  44:57  Missile Turret  
  187  45:04  Siege Tank  
  173  46:10  Bunker  
  173  46:18  Siege Tank  
  173  46:19  Siege Tank  
  179  46:22  Marine x3  
  182  46:32  Bunker  
  182  46:34  Marine  
  182  46:35  Marine x2  
  185  46:41  Siege Tank x2  
  185  46:46  Bunker  
  185  46:47  Marine x3, Bunker  
  194  46:59  Marine, Missile Turret  
  194  47:00  Marine x2  
  194  47:03  Siege Tank  
  200  47:26  Missile Turret  
  200  48:09  Siege Tank  
  200  48:17  Siege Tank  
Tags
 
Add a new tag
Caveats
  • Supply blocks, unpowered buildings, or Contaminate may cause inaccurate times.
  • Supply counts are checked every 10 seconds.